 Dungeon Crawl Stone Soup version 0.30-a0-149-g7f746667c4 (webtiles) character file.

Game seed: 10970850233900733472

218 ragingrage the Poker (level 5, -1/38 HPs)
             Began as a Demonspawn Artificer on Sept 26, 2022.
             Was a High Priest of Ignis.
             Slain by an orc wizard
             ... wielding a +0 dagger
              (4 damage)
             ... on level 3 of the Dungeon.
             The game lasted 00:03:05 (2975 turns).

ragingrage the Poker (Demonspawn Artificer)         Turns: 2975, Time: 00:03:06

Health: -1/38      AC:  6    Str: 14    XL:     5   Next: 63%
Magic:  5/5        EV:  8    Int: 12    God:    Ignis [*****.]
Gold:   52         SH:  3    Dex: 14    Spells: 4/4 levels left

rFire   + . .      SeeInvis .    f - +0 spear
rCold   . . .      Faith    .    l - +0 buckler
rNeg    . . .      Spirit   .    p - +0 scale mail
rPois   .          Reflect  .    (helmet restricted)
rElec   .          Harm     .    (no cloak)
rCorr   .          Rampage  .    (no gloves)
Will    .....                    (no boots)
Stlth   ..........               (no amulet)
HPRegen 0.12/turn                (no ring)
MPRegen 0.09/turn                (no ring)

@: no status effects
A: antennae 2, ignite blood 1
a: Renounce Religion, Fiery Armour, Foxfire Swarm, Rising Flame


You were on level 3 of the Dungeon.
You worshipped Ignis.
Ignis was extremely pleased with you.
You visited 1 branch of the dungeon, and saw 3 of its levels.

You collected 52 gold pieces.

Inventory:

Hand Weapons
 f - a +0 spear (weapon)
Missiles
 b - 6 boomerangs
 o - 8 poisoned darts
Armour
 l - a +0 buckler (worn)
 p - a +0 scale mail (worn)
Jewellery
 g - a ring of fire
Wands
 c - a wand of flame (8) (quivered)
 d - a wand of charming (10)
 e - a wand of iceblast (5)
Scrolls
 a - 2 scrolls of fog {unknown}
 h - a scroll of enchant armour {unknown}
 k - a scroll of acquirement {unknown}
 m - 3 scrolls of enchant weapon
 n - a scroll of brand weapon {unknown}
 r - a scroll of fear {unknown}
 t - a scroll of identify
 v - a scroll of noise {unknown}
 w - a scroll of poison {unknown}
Potions
 i - a potion of resistance {unknown}
 j - a potion of curing {unknown}
 q - a potion of lignification {unknown}
 s - a potion of berserk rage {unknown}
 u - a potion of heal wounds {unknown}


   Skills:
 - Level 2.2 Fighting
 + Level 4.0 Polearms
 - Level 1.7 Armour
 - Level 0.8 Dodging
 - Level 0.8 Stealth
 - Level 3.7 Evocations


You had 4 spell levels left.
You didn't know any spells.
Your spell library was empty.

Dungeon Overview and Level Annotations

Branches:
Dungeon (3/15)

Altars:
Ignis


Innate Abilities, Weirdness & Mutations

You have a pair of antennae on your head.
Your demonic aura sometimes causes spilled blood to erupt in flames.


Message History

You miss something. Something hits you but does no damage.
You hit something.
You hear some strange, mumbled words.
A puff of flame appears from out of thin air!
The puff of flame hits you. You resist.
You miss something. Something hits you.
You hit something but do no damage. You block something's attack.
You miss something. Something hits you.
You miss something.
You hear some strange, mumbled words.
Something tries to affect you, but you resist.
You completely miss something. Something hits you but does no damage.
You miss something. Something hits you but does no damage.
You barely miss something. You block something's attack.
You completely miss something.
You hear some strange, mumbled words.
A puff of flame appears from out of thin air!
The puff of flame hits you. You resist.
You hit something. You barely miss something.
You hear some strange, mumbled words.
A puff of flame appears from out of thin air!
The puff of flame misses you.
You miss something. You block something's attack.
You closely miss something. Something hits you but does no damage.
You hit something but do no damage. Something hits you.
You hit something but do no damage.
You hear some strange, mumbled words.
A magic dart appears from out of thin air!
The magic dart hits you!
* * * LOW HITPOINT WARNING * * *
You closely miss something. Something hits you but does no damage.
You miss something. Something hits you.
* * * LOW HITPOINT WARNING * * *
You closely miss something. Something hits you.
* * * LOW HITPOINT WARNING * * *
You miss something. You block something's attack.
You hit something but do no damage. Something hits you but does no damage.
You miss something. Something hits you.
You die...

... # #.# .# #.##.##..
######........
#.......#.### #
#..#)#........ #########
#.#.###..#####.#
........####....#.#.#
.###.......###.#@#..# .#
#.##.##.# #...{..# .#
#.##.##.# ####...#####...
## #....##.# #...........
#.#####.# #...#######.
####.#####.# #...#
..##.......# #...#
.....############...#######
..#..<## ##...............#


There were no monsters in sight!

Vanquished Creatures
  A phantom (D:3)
  Natasha (thrice) (D:2)
  A gnoll (D:1)
  An adder (D:3)
  3 dart slugs (D:3)
  2 orcs (D:3)
  4 ball pythons
  2 endoplasms
  4 goblins
  5 hobgoblins
  3 jackals (D:2)
  A kobold (D:3)
  A quokka (D:2)
  3 bats
  4 frilled lizards
  7 rats
45 creatures vanquished.

Vanquished Creatures (collateral kills)
  A kobold (D:1)
  A frilled lizard (D:1)
2 creatures vanquished.

Vanquished Creatures (others)
  An endoplasm (D:2)
  A jackal (D:2)
2 creatures vanquished.

Grand Total: 49 creatures vanquished

Notes
Turn   | Place    | Note
-------+----------+-------------------------------------------
     0 | D:1      | ragingrage the Demonspawn Artificer began the quest for the
                  | Orb.
     0 | D:1      | Reached XP level 1. HP: 15/15 MP: 1/1
   355 | D:2      | Noticed Natasha
   365 | D:2      | Killed Natasha
   366 | D:2      | Gained mutation: You have a pair of small antennae on your
                  | head. [demonic ancestry]
   366 | D:2      | Reached XP level 2. HP: 2/22 MP: 2/2
   366 | D:2      | Reached XP level 3. HP: 3/27 MP: 3/3
   689 | D:2      | Found a faded altar of an unknown god.
  1061 | D:2      | Noticed Natasha
  1087 | D:2      | Killed Natasha
  1088 | D:2      | Reached skill level 1 in Polearms
  1273 | D:1      | Gained mutation: Your demonic aura sometimes causes spilled
                  | blood to erupt in flames. [demonic ancestry]
  1273 | D:1      | Reached XP level 4. HP: 33/33 MP: 4/4
  1296 | D:1      | Reached skill level 2 in Polearms
  1778 | D:2      | Prayed at the altar of an unknown god.
  1778 | D:2      | Became a worshipper of Ignis, the Dying Flame
  1883 | D:2      | You fall into a shaft and drop 1 floor!
  1919 | D:3      | Noticed a phantom
  1942 | D:3      | Killed a phantom
  1943 | D:3      | Reached skill level 3 in Polearms
  1943 | D:3      | Gained mutation: You have a pair of antennae on your head.
                  | [demonic ancestry]
  1943 | D:3      | Reached XP level 5. HP: 8/38 MP: 5/5
  2419 | D:2      | Noticed Natasha
  2429 | D:2      | Killed Natasha
  2651 | D:3      | Reached skill level 4 in Polearms
  2975 | D:3      | Slain by an orc wizard

Illustrated notes

Levels and vault maps discovered:
D:1:      psy_arrival_terrarium, layout_basic
D:2:      layout_loops_cross, nicolae_ecumenical_oubliette, uniq_natasha
D:3:      layout_loops_cross, nemelex_dance_club_becter

Skill      XL: |  1  2  3  4  5 |
---------------+----------------+-----
Fighting       | 2 |  2.2
Polearms       | 1 3 4 |  4.0
Armour         | |  1.7
Dodging        | |  0.8
Stealth        | |  0.8
Evocations     | |  3.7

Action                   |  1- 3 |  4- 6 || total
-------------------------+-------+-------++-------
Melee: Club              |    16 |       ||    16
       Spear             |    62 |   165 ||   227
Invok: Fiery Armour      |       |     1 ||     1
Evoke: Wand              |    11 |     1 ||    12
  Use: Scroll            |       |     1 ||     1
 Stab: Sleeping          |     2 |     1 ||     3
Armor: Leather armour    |    26 |     1 ||    27
       Scale mail        |       |    42 ||    42
Dodge: Dodged            |    67 |    30 ||    97
Block: Buckler           |     2 |    19 ||    21

Table legend: (Time is in decaauts)
 A = Elapsed time spent in this place.
 B = Non-inter-level travel time spent in this place.
 C = Inter-level travel time spent in this place.
 D = Time resting spent in this place.
 E = Time spent auto-exploring this place.
 F = Levels seen in this place.
 G = Mean time per level.
                   A        B        C        D        E       F      G
               +--------+--------+--------+--------+--------+-----+--------+
         Total |   2987 |   2896 |     91 |    879 |   1454 |   3 |  995.7 |
       Dungeon |   2987 |   2896 |     91 |    879 |   1454 |   3 |  995.7 |
               +--------+--------+--------+--------+--------+-----+--------+

Top non-repeatable levels by time:
     D:2: 1598 daAuts
     D:1: 929 daAuts
     D:3: 460 daAuts
